 Dungeon Crawl Stone Soup version 0.32-a0-664-gf59354a (webtiles) character file.

Game seed: 13429098677241696989

5 Meow the Conjurer (level 1, -1/15 HPs)
             Began as a Naga Conjurer on Mar 9, 2024.
             Slain by a hobgoblin (3 damage)
             ... on level 1 of the Dungeon.
             The game lasted 00:00:57 (680 turns).

Meow the Conjurer (Naga Conjurer)                    Turns: 680, Time: 00:00:57

Health: -1/15      AC:  1    Str:  9    XL:     1   Next: 80%
Magic:  0/3        EV:  9    Int: 18    God:
Gold:   33         SH:  0    Dex:  9    Spells: 3/4 levels left

rFire   . . .        a - +0 short sword
rCold   . . .        (no shield)
rNeg    . . .        c - +0 robe
rPois   +            (no helmet)
rElec   .            (no cloak)
rCorr   .            (no gloves)
SInv    +            (no barding)
Will    .....        (no amulet)
Stlth   ++           d - ring of flight
HPRegen 0.22/turn    (no ring)
MPRegen 0.08/turn

%: no passive effects
@: flying, very slow
A: AC +0, large, see invisible, deformed body, poison resistance, slowness 2,
spit poison 1, naga tail 1
a: Spit Poison


You were on level 1 of the Dungeon.
You visited 1 branch of the dungeon, and saw 1 of its levels.

You collected 33 gold pieces.

Inventory:

Hand Weapons
 a - a +0 short sword (weapon)
Armour
 c - a +0 robe (worn)
Jewellery
 d - a ring of flight (left hand)
 g - a ring of protection from cold
Scrolls
 f - a scroll of fog {unknown}
 h - 2 scrolls of teleportation {unknown}
Potions
 b - a potion of magic
 e - a potion of brilliance {unknown}


   Skills:
 + Level 1.7 Dodging
 + Level 3.2 Stealth
 + Level 2.1 Spellcasting
 + Level 4.0 Conjurations


You had 3 spell levels left.
You knew the following spells:

 Your Spells              Type           Power      Damage    Failure   Level
a - Magic Dart            Conj           64%        1d6       3%          1

Your spell library contained the following spells:

 Spells                   Type           Power      Damage    Failure   Level
 Searing Ray              Conj           32%        2d5       4%          2
 Hailstorm                Conj/Ice       9%         3d6       24%         3
 Summon Ice Beast         Ice/Summ       1%         N/A       47%         3
 Fulminant Prism          Conj/Alch      4%         3d5       61%         4
 Iskenderun's Mystic Bla  Conj/Tloc      9%         2d4       61%         4
 Sculpt Simulacrum        Ice/Alch       0%         N/A       100%        6


Dungeon Overview and Level Annotations

Branches:
Dungeon (1/15)

Altars:


Innate Abilities, Weirdness & Mutations

Your serpentine skin is tough. (AC +0)
You have supernaturally acute eyesight. (SInv)
Armour fits poorly on your strangely shaped body.
Your system is resistant to poisons. (rPois)
You cover ground very slowly.
You can spit poison.
You have a snake-like lower body.


Message History

Press: ? - help, Shift-Dir - straight line, f/p - endoplasm
Aim: an endoplasm (severely wounded, 100% to hit)
The magic dart hits the endoplasm.
You kill the endoplasm!
Unknown command.
Casting: Magic Dart (safe; 3% risk of failure)
Confirm with . or Enter, or press ? or * to list all spells.
You don't have enough magic to cast this spell.
Unknown command.
Unknown command.
You hit the hobgoblin.
The hobgoblin is lightly wounded.
The hobgoblin hits you.
Unknown command.
You hit the hobgoblin but do no damage.
The hobgoblin is lightly wounded.
The hobgoblin hits you.
* * * LOW HITPOINT WARNING * * *
Unknown command.
You barely miss the hobgoblin.
The hobgoblin is lightly wounded.
The hobgoblin hits you.
* * * LOW HITPOINT WARNING * * *
Unknown command.
You hit the hobgoblin but do no damage.
The hobgoblin is lightly wounded.
The hobgoblin barely misses you.
Unknown command.
You hit the hobgoblin.
The hobgoblin is moderately wounded.
The hobgoblin barely misses you.
Unknown command.
You closely miss the hobgoblin.
The hobgoblin is lightly wounded.
The hobgoblin hits you.
* * * LOW HITPOINT WARNING * * *
You hit the hobgoblin.
The hobgoblin is moderately wounded.
The hobgoblin hits you.
You die...

.. #.######
##.#####.......
.##........######
## ....###.#.## #
#. .. #...# #
#.#. ###.### #
#... #...# #
#..###.# ###.# #
#..@gg.# #.# #
#..###.# ###.# #
##...# #...#
###.### ###...#
#...# #....##
###.###.##.#
#.....##.#
########.#
##.######


You could see a gnoll and a hobgoblin.

Vanquished Creatures
  An endoplasm (D:1)
  A goblin (D:1)
  A kobold (D:1)
  2 frilled lizards (D:1)
5 creatures vanquished.

Notes
Turn   | Place    | Note
-------+----------+-------------------------------------------
     0 | D:1      | Meow the Naga Conjurer began the quest for the Orb.
     0 | D:1      | Reached XP level 1. HP: 15/15 MP: 3/3
   680 | D:1      | Slain by a hobgoblin

Illustrated notes

Levels and vault maps discovered:
D:1:      scummos_arrival_simple_fountains, layout_loops_ring,
          grunt_decor_one_mirror, roderic_three_in_a_row, minivault_25,
          chequers_serial_rivers_micro_d, minmay_quantized

Action                     || total
---------------------------++-------
  Melee: Short sword       ||     9
   Cast: Magic Dart        ||     6
Ability: Spit Poison       ||     4
 Armour: Robe              ||     7
  Dodge: Dodged            ||     2

Table legend: (Time is in decaauts)
 A = Elapsed time spent in this place.
 B = Non-inter-level travel time spent in this place.
 C = Inter-level travel time spent in this place.
 D = Time resting spent in this place.
 E = Time spent auto-exploring this place.
 F = Levels seen in this place.
 G = Mean time per level.
                   A        B        C        D        E       F      G
               +--------+--------+--------+--------+--------+-----+--------+
         Total |    921 |    921 |      0 |     39 |    831 |   1 |  921.0 |
       Dungeon |    921 |    921 |      0 |     39 |    831 |   1 |  921.0 |
               +--------+--------+--------+--------+--------+-----+--------+

Top non-repeatable levels by time:
     D:1: 921 daAuts
